FSL
TAMPA PIRATES @ COCOA FLYERS
04/21/1982
 
TOP OF THE 1ST
Tampa Pirates batting - Pitching for Cocoa Flyers : RHP Vicente Prieto
Pitching: RHP Vicente Prieto
Batting: RHB Charles Jennings 0-0: Ball
1-0: Ball
2-0: Called Strike
2-1: Swinging Strike
2-2: Foul Ball, location: 2F
2-2: Strikes out swinging
Batting: RHB Ricky Jones 0-0: Swinging Strike
0-1: Ball
1-1: Ball
2-1: Ball
3-1: Foul Ball, location: 2F
3-2: Foul Ball, location: 2F
3-2: Strikes out swinging
Batting: LHB Pedro Nunez 0-0: Ball
1-0: Called Strike
1-1: Ball
2-1: Fly out, F5 (Popup, 5SF, EV 86.9 MPH)
Top of the 1st over - 0 runs, 0 hits, 0 errors, 0 left on base; Tampa 0 - Cocoa 0
BOTTOM OF THE 1ST
Cocoa Flyers batting - Pitching for Tampa Pirates : RHP Andre Patillo
Pitching: RHP Andre Patillo
Batting: RHB Danny Arroyo 0-0: Called Strike
0-1: Foul Ball, location: 2F
0-2: Ball
1-2: Foul Ball, location: 2F
1-2: Strikes out swinging
Batting: LHB Gary Robertson 0-0: Called Strike
0-1: Called Strike
0-2: Strikes out swinging
Batting: LHB Mike Jones 0-0: Ground out 4-3 (Groundball, 4, EV 89.4 MPH)
Bottom of the 1st over - 0 runs, 0 hits, 0 errors, 0 left on base; Tampa 0 - Cocoa 0
TOP OF THE 2ND
Tampa Pirates batting - Pitching for Cocoa Flyers : RHP Vicente Prieto
Batting: RHB Roy Wolfe 0-0: Fly out, F7 (Flyball, 8LM, EV 90.6 MPH)
Batting: LHB David Frederick 0-0: Ball
1-0: Called Strike
1-1: Fly out, F5 (Line Drive, 5, EV 66.3 MPH)
Batting: LHB John Westmoreland 0-0: Ball
1-0: Ball
2-0: Ball
3-0: Foul Ball, location: 2F
3-1: Base on Balls
Batting: RHB Erwin Bryant 0-0: Called Strike
0-1: Foul Ball, location: 2F
0-2: Ball
1-2: Fly out, F7 (Flyball, 78D, EV 107.5 MPH)
Top of the 2nd over - 0 runs, 0 hits, 0 errors, 1 left on base; Tampa 0 - Cocoa 0
BOTTOM OF THE 2ND
Cocoa Flyers batting - Pitching for Tampa Pirates : RHP Andre Patillo
Batting: LHB Shanie Dugas 0-0: Ball
1-0: Foul Ball, location: 2F
1-1: Foul Ball, location: 2F
1-2: Ball
2-2: Ball
3-2: Foul Ball, location: 2F
3-2: TRIPLE (Flyball, 89XD, EV 95.6 MPH)
Batting: RHB Larry McNutt 0-0: Called Strike
0-1: Ball
1-1: Ball
2-1: Ball
3-1: Base on Balls
Batting: LHB Clint Hurdle 0-0: Ball
1-0: Ball
2-0: Called Strike
2-1: Grounds into double play, 5-4-3 (Groundball, 56, EV 81.9 MPH)
Shanie Dugas scores
Batting: RHB Lorenzo Quintanilla 0-0: Ball
1-0: Ball
2-0: Foul Ball, location: 2F
2-1: Ground out 5-3 (Groundball, 56S, EV 83.8 MPH)
Bottom of the 2nd over - 1 run, 1 hit, 0 errors, 0 left on base; Tampa 0 - Cocoa 1
TOP OF THE 3RD
Tampa Pirates batting - Pitching for Cocoa Flyers : RHP Vicente Prieto
Batting: RHB Cliff Pastornicky 0-0: Foul Ball, location: 2F
0-1: Called Strike
0-2: SINGLE (Groundball, 6MD, EV 103.1 MPH)
Batting: RHB Roy Dixon 0-0: Ball
1-0: Ball
2-0: Swinging Strike
2-1: Called Strike
2-2: Strikes out swinging
Batting: RHB Charles Jennings 0-0: Called Strike
0-1: Fly out, F8 (Flyball, 8LS, EV 98.8 MPH)
Batting: RHB Ricky Jones 0-0: Ball
1-0: Ball
2-0: SINGLE (Groundball, 6MD, EV 97.5 MPH)
Cliff Pastornicky to second
Batting: LHB Pedro Nunez 0-0: Foul Ball, location: 2F
0-1: Ground out 4-3 (Groundball, 4, EV 89.4 MPH)
Top of the 3rd over - 0 runs, 2 hits, 0 errors, 2 left on base; Tampa 0 - Cocoa 1
BOTTOM OF THE 3RD
Cocoa Flyers batting - Pitching for Tampa Pirates : RHP Andre Patillo
Batting: RHB Miguel Dominguez 0-0: Called Strike
0-1: Ball
1-1: Swinging Strike
1-2: Ball
2-2: Strikes out swinging
Batting: RHB Jorge Diaz 0-0: Swinging Strike
0-1: Swinging Strike
0-2: Ball
1-2: Strikes out swinging
Batting: RHB Danny Arroyo 0-0: Ball
1-0: Ball
2-0: Foul Ball, location: 2F
2-1: Swinging Strike
2-2: Ball
3-2: Base on Balls
Batting: LHB Gary Robertson 0-0: Called Strike
Danny Arroyo steals 2nd base
0-1: Ball
1-1: Foul Ball, location: 2F
1-2: Foul Ball, location: 2F
1-2: 2-RUN HOME RUN (Flyball, 9LD, EV 92.5 MPH), Distance : 371 ft
Batting: LHB Mike Jones 0-0: Ball
1-0: Ball
2-0: Called Strike
2-1: Foul Ball, location: 2F
2-2: Ball
3-2: Strikes out swinging
Bottom of the 3rd over - 2 runs, 1 hit, 0 errors, 0 left on base; Tampa 0 - Cocoa 3
TOP OF THE 4TH
Tampa Pirates batting - Pitching for Cocoa Flyers : RHP Vicente Prieto
Batting: RHB Roy Wolfe 0-0: Swinging Strike
0-1: Called Strike
0-2: Ground out 1-3 (Groundball, 34S, EV 60.0 MPH)
Batting: LHB David Frederick 0-0: Ball
1-0: Called Strike
1-1: Ball
2-1: Called Strike
2-2: DOUBLE (Line Drive, 9LM, EV 90.0 MPH)
Batting: LHB John Westmoreland 0-0: Called Strike
0-1: Foul Ball, location: 2F
0-2: Foul Ball, location: 2F
0-2: Fly out, F1 (Line Drive, P, EV 68.8 MPH)
Batting: RHB Erwin Bryant 0-0: Ball
1-0: Called Strike
1-1: Foul Ball, location: 2F
1-2: Ball
2-2: Strikes out swinging
Top of the 4th over - 0 runs, 1 hit, 0 errors, 1 left on base; Tampa 0 - Cocoa 3
BOTTOM OF THE 4TH
Cocoa Flyers batting - Pitching for Tampa Pirates : RHP Andre Patillo
Batting: LHB Shanie Dugas 0-0: Foul Ball, location: 2F
0-1: Called Strike
0-2: Foul Ball, location: 2F
0-2: Ground out 4-3 (Groundball, 4, EV 84.4 MPH)
Batting: RHB Larry McNutt 0-0: Called Strike
0-1: Called Strike
0-2: Foul Ball, location: 2F
0-2: Hit by Pitch
Batting: LHB Clint Hurdle 0-0: Ball
1-0: Called Strike
1-1: Foul Ball, location: 2F
1-2: Fly out, F8 (Flyball, 78M, EV 82.5 MPH)
Batting: RHB Lorenzo Quintanilla 0-0: Ball
1-0: Ball
2-0: Called Strike
2-1: Foul Ball, location: 2F
2-2: Fly out, F8 (Flyball, 89D, EV 108.8 MPH)
Bottom of the 4th over - 0 runs, 0 hits, 0 errors, 1 left on base; Tampa 0 - Cocoa 3
TOP OF THE 5TH
Tampa Pirates batting - Pitching for Cocoa Flyers : RHP Vicente Prieto
Batting: RHB Cliff Pastornicky 0-0: Ball
1-0: Fly out, F8 (Flyball, 8RD, EV 80.0 MPH)
Batting: RHB Roy Dixon 0-0: Fly out, F8 (Flyball, 8LXD, EV 98.8 MPH)
Batting: RHB Charles Jennings 0-0: Ball
1-0: Foul Ball, location: 2F
1-1: Ball
2-1: Ball
3-1: Base on Balls
Batting: RHB Ricky Jones 0-0: Ball
Charles Jennings steals 2nd base
1-0: Ball
2-0: Foul Ball, location: 2F
2-1: Ground out 3-1 (Groundball, 34S, EV 77.5 MPH)
Top of the 5th over - 0 runs, 0 hits, 0 errors, 1 left on base; Tampa 0 - Cocoa 3
BOTTOM OF THE 5TH
Cocoa Flyers batting - Pitching for Tampa Pirates : RHP Andre Patillo
Batting: RHB Miguel Dominguez 0-0: Ball
1-0: Ground out 4-3 (Groundball, 4, EV 91.3 MPH)
Batting: RHB Jorge Diaz 0-0: Called Strike
0-1: Ball
1-1: Ball
2-1: Foul Ball, location: 2F
2-2: Strikes out swinging
Batting: RHB Danny Arroyo 0-0: Ball
1-0: Ball
2-0: Ground out 6-3 (Groundball, 6, EV 81.3 MPH)
Bottom of the 5th over - 0 runs, 0 hits, 0 errors, 0 left on base; Tampa 0 - Cocoa 3
TOP OF THE 6TH
Tampa Pirates batting - Pitching for Cocoa Flyers : RHP Vicente Prieto
Batting: LHB Pedro Nunez 0-0: Called Strike
0-1: Called Strike
0-2: Foul Ball, location: 2F
0-2: Foul Ball, location: 2F
0-2: Ball
1-2: Ball
2-2: Strikes out swinging
Batting: RHB Roy Wolfe 0-0: Ball
1-0: Foul Ball, location: 2F
1-1: Ball
2-1: Called Strike
2-2: Ball
3-2: Base on Balls
Batting: LHB David Frederick 0-0: Ball
1-0: Called Strike
1-1: Ball
2-1: Swinging Strike
2-2: Foul Ball, location: 2F
2-2: Strikes out swinging
Batting: LHB John Westmoreland 0-0: Ball
1-0: Foul Ball, location: 2F
1-1: Swinging Strike
1-2: Fly out, F8 (Line Drive, 8RM, EV 91.3 MPH)
Top of the 6th over - 0 runs, 0 hits, 0 errors, 1 left on base; Tampa 0 - Cocoa 3
BOTTOM OF THE 6TH
Cocoa Flyers batting - Pitching for Tampa Pirates : RHP Andre Patillo
Batting: LHB Gary Robertson 0-0: Ball
1-0: Ball
2-0: Called Strike
2-1: Foul Ball, location: 2F
2-2: Foul Ball, location: 2F
2-2: Fly out, F4 (Flyball, 34D, EV 91.9 MPH)
Batting: LHB Mike Jones 0-0: Called Strike
0-1: Ball
1-1: Foul Ball, location: 2F
1-2: Ball
2-2: DOUBLE (Flyball, 7LD, EV 96.3 MPH)
Batting: LHB Shanie Dugas 0-0: Ball
1-0: SINGLE (Flyball, 4D, EV 91.9 MPH)
Mike Jones to third
Batting: RHB Larry McNutt 0-0: Ball
1-0: Ball
2-0: Ball
3-0: Called Strike
3-1: Swinging Strike
3-2: Foul Ball, location: 2F
3-2: Foul Ball, location: 2F
3-2: Fly out, F8 (Flyball, 78XD, EV 90.6 MPH)
Runner from 3rd tags up, SCORES, no throw by CF
Batting: LHB Clint Hurdle 0-0: Ball
1-0: Ball
2-0: Called Strike
2-1: Swinging Strike
Passed Ball!
Shanie Dugas to second
2-2: SINGLE (Line Drive, 89S, EV 86.3 MPH)
Shanie Dugas to third
Runner from 3rd tries for Home, SAFE, throw by RF to home
Clint Hurdle to second
Batting: RHB Lorenzo Quintanilla 0-0: Ball
1-0: Fly out, F6 (Popup, 6MS, EV 78.1 MPH)
Bottom of the 6th over - 2 runs, 3 hits, 0 errors, 1 left on base; Tampa 0 - Cocoa 5
TOP OF THE 7TH
Tampa Pirates batting - Pitching for Cocoa Flyers : RHP Vicente Prieto
Batting: RHB Erwin Bryant 0-0: Ball
1-0: Called Strike
1-1: Ball
2-1: Ball
3-1: Called Strike
3-2: DOUBLE (Line Drive, 7LM, EV 108.1 MPH)
Batting: RHB Cliff Pastornicky 0-0: Called Strike
0-1: Swinging Strike
0-2: Ball
1-2: Ball
2-2: SINGLE (Groundball, 25, EV 75.0 MPH) (infield hit)
Erwin Bryant to third
Batting: RHB Roy Dixon 0-0: Foul Ball, location: 2F
0-1: Ball
1-1: Called Strike
1-2: Strikes out looking
Batting: RHB Charles Jennings 0-0: Ball
1-0: Foul Ball, location: 2F
1-1: Ball
2-1: Ball
3-1: Called Strike
3-2: Grounds into double play, 4-6-3 (Groundball, 4M, EV 101.3 MPH)
Top of the 7th over - 0 runs, 2 hits, 0 errors, 1 left on base; Tampa 0 - Cocoa 5
BOTTOM OF THE 7TH
Cocoa Flyers batting - Pitching for Tampa Pirates : RHP Andre Patillo
Pitching: RHP Albert Ervey
Batting: RHB Miguel Dominguez 0-0: Fly out, F8 (Flyball, 8LD, EV 107.5 MPH)
Batting: RHB Jorge Diaz 0-0: Ball
1-0: Foul Ball, location: 2F
1-1: SINGLE (Line Drive, 7S, EV 110.6 MPH)
Batting: RHB Danny Arroyo 0-0: Ball
1-0: Called Strike
1-1: Fly out, F9 (Flyball, 9S, EV 88.1 MPH)
Batting: LHB Gary Robertson 0-0: Called Strike
0-1: DOUBLE (Flyball, 8LXD, EV 116.3 MPH)
Jorge Diaz to third
Runner from 3rd tries for Home, SAFE, throw by CF to home
Batting: LHB Mike Jones 0-0: Foul Ball, location: 2F
0-1: Swinging Strike
0-2: Foul Ball, location: 2F
0-2: Ground out 5-3 (Groundball, 56S, EV 66.3 MPH)
Bottom of the 7th over - 1 run, 2 hits, 0 errors, 1 left on base; Tampa 0 - Cocoa 6
TOP OF THE 8TH
Tampa Pirates batting - Pitching for Cocoa Flyers : RHP Vicente Prieto
Batting: RHB Ricky Jones 0-0: Fly out, F7 (Line Drive, 7, EV 90.0 MPH)
Batting: LHB Pedro Nunez 0-0: Fly out, F8 (Flyball, 8LM, EV 89.4 MPH)
Batting: RHB Roy Wolfe 0-0: Fly out, F8 (Flyball, 8RM, EV 90.0 MPH)
Top of the 8th over - 0 runs, 0 hits, 0 errors, 0 left on base; Tampa 0 - Cocoa 6
BOTTOM OF THE 8TH
Cocoa Flyers batting - Pitching for Tampa Pirates : RHP Albert Ervey
Batting: LHB Shanie Dugas 0-0: Ball
1-0: Ball
2-0: Ball
3-0: Base on Balls
Batting: RHB Larry McNutt 0-0: Ball
1-0: Ball
2-0: Ball
3-0: Base on Balls
Shanie Dugas to second
Batting: LHB Clint Hurdle 0-0: Ball
1-0: Fly out, F8 (Line Drive, 8RM, EV 93.8 MPH)
Batting: RHB Lorenzo Quintanilla 0-0: Swinging Strike
0-1: Foul Ball, location: 2F
0-2: Ball
1-2: Strikes out swinging
Batting: RHB Miguel Dominguez 0-0: Foul Ball, location: 2F
0-1: Ball
1-1: Ball
2-1: Foul Ball, location: 2F
2-2: Strikes out swinging
Bottom of the 8th over - 0 runs, 0 hits, 0 errors, 2 left on base; Tampa 0 - Cocoa 6
TOP OF THE 9TH
Tampa Pirates batting - Pitching for Cocoa Flyers : RHP Vicente Prieto
Batting: LHB David Frederick 0-0: Swinging Strike
0-1: Ground out 4-3 (Groundball, 4, EV 79.4 MPH)
Batting: LHB John Westmoreland 0-0: Ball
1-0: Fly out, F9 (Flyball, 89D, EV 78.8 MPH)
Batting: RHB Erwin Bryant 0-0: Called Strike
0-1: Foul Ball, location: 2F
0-2: Ball
1-2: Fly out, F7 (Flyball, 7, EV 73.8 MPH)
Top of the 9th over - 0 runs, 0 hits, 0 errors, 0 left on base; Tampa 0 - Cocoa 6
Wednesday, July 22nd, 2020 - OOTP Baseball 21.4 Build 63